 Dungeon Crawl Stone Soup version 0.26.1-11-gd32895ea62 (webtiles) character file.

Game seed: 1756930367283936654

12101 porpoise the Slinger (level 12, -2/81 HPs)
             Began as a Halfling Wanderer on July 16, 2021.
             Was a Believer of Fedhas.
             Slain by a freezing wraith (7 damage)
             ... on level 10 of the Dungeon.
             The game lasted 01:03:52 (17933 turns).

porpoise the Slinger (Halfling Wanderer)           Turns: 17933, Time: 01:03:54

Health: -2/81      AC: 24    Str: 19    XL:     12   Next: 16%
Magic:  15/16      EV: 14    Int:  9    God:    Fedhas [**....]
Gold:   629        SH:  8    Dex: 16    Spells: 11/11 levels left

rFire    . . .     SeeInvis +   a - +1 rapier (venom)
rCold    . . .     Faith    .   F - +1 buckler
rNeg     + . .     Spirit   .   q - +2 chain mail {rN+}
rPois    .         Reflect  .   C - +2 helmet {SInv}
rElec    .         Harm     .   J - +2 cloak {rCorr}
rCorr    +         Rampage  .   (no gloves)
Will     .....                  u - +2 pair of boots {run}
Stlth    ..........             M - amulet of regeneration
HPRegen  0.63/turn              r - ring of flight
MPRegen  0.15/turn              I - ring of resist corrosion

@: slowed, very slow
A: small, molten scales 1, agile 1, mutation resistance 1, MP-powered wands
a: Renounce Religion, Evoke Flight, Wall of Briars


You were on level 10 of the Dungeon.
You worshipped Fedhas.
Fedhas was pleased with you.
You visited 2 branches of the dungeon, and saw 11 of its levels.

You collected 665 gold pieces.
You spent 36 gold pieces at shops.

Inventory:

Hand Weapons
 a - a +1 rapier of venom (weapon)
 b - a +1 hunting sling
 E - a +1 short sword of speed
 O - a +3 falchion of freezing
Missiles
 i - 19 boomerangs
 k - 150 stones
 x - 56 poisoned darts
 H - a throwing net
 N - 6 sling bullets
Armour
 d - a +3 leather armour
 f - +0 steam dragon scales
 q - a +2 chain mail of positive energy (worn)
 u - a +2 pair of boots of running (worn)
 C - a +2 helmet of see invisible (worn)
 F - a +1 buckler (worn)
 J - a +2 cloak of preservation (worn)
Jewellery
 r - a ring of flight (left hand)
 I - a ring of resist corrosion (right hand)
 K - a +6 ring of intelligence
 M - an amulet of regeneration (around neck)
Wands
 n - a wand of polymorph (21)
 s - a wand of flame (92)
 y - a wand of enslavement (17)
 z - a wand of iceblast (7)
 D - a wand of random effects (11)
 P - a wand of disintegration (13)
Scrolls
 g - a scroll of immolation
 j - a scroll of enchant armour
 m - a scroll of noise
 p - 2 scrolls of fog
 w - 3 scrolls of amnesia
 B - 3 scrolls of magic mapping
 G - 2 scrolls of identify
 R - a scroll of teleportation
Potions
 c - 2 potions of lignification
 h - a potion of magic
 o - 3 potions of ambrosia
 t - 2 potions of flight
 v - 8 potions of curing
 A - a potion of haste
 Q - a potion of mutation
 S - a potion of might
 T - a potion of attraction


   Skills:
 - Level 7.0 Fighting
 + Level 8.7 Short Blades
 - Level 11.9(12.0) Slings
 - Level 1.0(5.4) Throwing
 - Level 7.0 Armour
 - Level 7.0 Dodging
 - Level 5.0 Stealth
 - Level 6.0 Shields
 + Level 5.8 Invocations
 - Level 5.0 Evocations


You had 11 spell levels left.
You didn't know any spells.
Your spell library contained the following spells:

 Spells                   Type           Power        Failure   Level
 Magic Dart               Conj           0%           98%         1
 Poisonous Vapours        Pois/Air       0%           99%         2
 Searing Ray              Conj           0%           99%         2
 Confusing Touch          Hex            0%           100%        3
 Conjure Flame            Conj/Fire      0%           100%        3
 Dazzling Flash           Conj/Hex       0%           100%        3
 Gell's Gravitas          Tloc           0%           100%        3
 Mephitic Cloud           Conj/Pois/Air  0%           100%        3
 Fulminant Prism          Conj/Hex       0%           100%        4
 Iskenderun's Mystic Bla  Conj/Tloc      0%           100%        4
 Petrify                  Tmut/Erth      0%           100%        4
 Metabolic Englaciation   Hex/Ice        0%           100%        5
 Yara's Violent Unravell  Hex/Tmut       0%           100%        5
 Freezing Cloud           Conj/Ice/Air   0%           100%        6


Dungeon Overview and Level Annotations

Branches:
Dungeon (10/15)            Temple (1/1) D:5            Lair (0/6) D:8
    Orc (0/2) D:9

Altars:
Ashenzari
Cheibriados
Dithmenos
Elyvilon
Fedhas
Gozag
Hepliaklqana
Kikubaaqudgha
Makhleb
Nemelex Xobeh
Okawaru
Qazlal
Ru
Sif Muna
Trog
Uskayaw
Vehumet
Wu Jian
Xom
Yredelemnul
Zin
The Shining One
Lugonu

Shops:
D:10 !

Annotations:
D:5 1 runed translucent door, buriedalive's ghost, novice GrIE
D:10 2 runed translucent doors


Innate Abilities, Weirdness & Mutations

You are small and have problems with some larger weapons.
You are somewhat resistant to further mutation.
You are partially covered in molten scales. (AC +2)
You are agile. (Dex +2)
You expend magic power (3 MP) to strengthen your wands.


Message History

You hit the freezing wraith but do no damage.
The freezing wraith is heavily damaged.
The freezing wraith barely misses you. The freezing wraith hits you!
The freezing wraith drains your vigour!
You feel yourself slow down.
You barely miss the freezing wraith.
The freezing wraith is heavily damaged.
The freezing wraith hits you but does no damage.
The freezing wraith barely misses you.
You hit the freezing wraith but do no damage.
The freezing wraith is heavily damaged.
You block the freezing wraith's attack. x2
You barely miss the freezing wraith.
The freezing wraith is heavily damaged.
The freezing wraith hits you! The freezing wraith freezes you!
The freezing wraith hits you but does no damage.
The freezing wraith hits you. The freezing wraith freezes you!!
* * * LOW HITPOINT WARNING * * *
The freezing wraith hits you!
You die...
Fedhas appreciates your contribution to the ecosystem.

# #....# ##...### ###
#...... ##(' #..#### #
..# #..# #( #.# #..# #..
#.## ##..#
#...######(.######...#
#(..(((P@((.((.......#
.....(.PPW((<(.(.#######
......########..##
.###.. #..# #. #..# #.
### #..# . ..# ##..# ###
## #.# ##...## ##.## #.#
#.....###.#.##


You could see a freezing wraith.

Vanquished Creatures
  Harold (D:10)
  A hydra (D:9)
  A hell beast (D:8)
  A two-headed ogre (D:10)
  A death knight (D:10)
  Pikel (D:4)
  Maurice (D:8)
  A rust devil (D:8)
  An orange demon (D:8)
  2 freezing wraiths (D:10)
  Maggie (D:6)
  A kobold demonologist (D:8)
  2 trolls
  Prince Ribbit (D:5)
  A wyvern (D:10)
  Edmund (D:6)
  Menkaure (D:6)
  A water moccasin (D:9)
  Duvessa (D:5)
  4 ice beasts
  A sky beast (D:8)
  3 orc warriors
  4 phantoms
  2 black bears
  5 ogres
  5 centaurs
  3 lemures (D:4)
  7 big kobolds
  4 bullfrogs
  Blork the orc (D:6)
  2 gnoll sergeants
  5 scorpions
  Dowan (D:5)
  A jelly (D:5)
  3 wights (D:9)
  2 quasits
  A bullfrog skeleton (D:6)
  4 hounds
  7 iron imps (D:8)
  4 orc priests
  6 orc wizards
  2 centaur skeletons (D:5)
  5 iguanas
  Jessica (D:2)
  Ijyb (D:4)
  Natasha (thrice) (D:2)
  3 worker ants
  A killer bee zombie (D:6)
  Robin (D:2)
  11 gnolls
  A worker ant zombie (D:6)
  15 adders
  2 howler monkey skeletons
  A shadow imp (D:7)
  5 white imps
  2 ufetubi
  2 oozes
  6 worms
  A dart slug (D:4)
  5 leopard geckos
  38 orcs
  9 ball pythons
  8 giant cockroaches
  18 goblins
  9 hobgoblins
  3 jackals (D:9)
  9 quokkas
  8 bats
  5 frilled lizards
  21 kobolds
  A leopard gecko skeleton (D:4)
  8 rats
301 creatures vanquished.

Vanquished Creatures (collateral kills)
  Psyche (D:9)
  A wraith (D:10)
  An orc wizard (D:9)
  9 ballistomycete spores (D:10)
12 creatures vanquished.

Vanquished Creatures (others)
  An orc (D:5)
1 creature vanquished.

Grand Total: 314 creatures vanquished

Notes
Turn   | Place    | Note
-------+----------+-------------------------------------------
     0 | D:1      | porpoise the Halfling Wanderer began the quest for the Orb.
     0 | D:1      | porpoise set off with the following items: a +2 short
                  | sword, a +0 falchion, a potion of lignification, a +0 robe,
                  | a +0 dagger
     0 | D:1      | Reached XP level 1. HP: 14/14 MP: 1/1
   467 | D:1      | Reached skill level 5 in Short Blades
   467 | D:1      | Reached XP level 2. HP: 18/19 MP: 2/2
   848 | D:1      | Reached XP level 3. HP: 25/25 MP: 3/3
  1913 | D:2      | Noticed Robin
  1930 | D:2      | Reached XP level 4. HP: 21/31 MP: 4/4
  1937 | D:2      | Killed Robin
  2117 | D:2      | Noticed Natasha
  2127 | D:2      | Killed Natasha
  2434 | D:2      | Noticed Natasha
  2439 | D:2      | Killed Natasha
  2440 | D:2      | Reached XP level 5. HP: 37/37 MP: 5/5
  2635 | D:2      | Noticed Jessica
  2642 | D:2      | Killed Jessica
  2735 | D:2      | Noticed Natasha
  2744 | D:2      | Killed Natasha
  3264 | D:3      | Reached XP level 6. HP: 44/44 MP: 6/6
  3419 | D:3      | Identified a +2 pair of boots of running (You found it on
                  | level 3 of the Dungeon)
  3476 | D:3      | Found a hazy altar of Hepliaklqana.
  4001 | D:3      | Reached skill level 1 in Slings
  4763 | D:4      | Noticed an ogre
  4775 | D:4      | HP: 1/44 [ogre/+0 giant spiked club (22)]
  4777 | D:4      | Killed an ogre
  4778 | D:4      | Reached skill level 5 in Fighting
  4778 | D:4      | Reached skill level 2 in Slings
  5216 | D:4      | Reached skill level 3 in Slings
  5311 | D:4      | Noticed Ijyb
  5318 | D:4      | Killed Ijyb
  5319 | D:4      | Reached skill level 1 in Armour
  5319 | D:4      | Reached XP level 7. HP: 50/50 MP: 7/7
  5742 | D:4      | Reached skill level 4 in Slings
  6521 | D:4      | Noticed Pikel
  6565 | D:4      | Killed Pikel
  6566 | D:4      | Reached skill level 7 in Slings
  6566 | D:4      | Reached XP level 8. HP: 55/55 MP: 8/8
  6860 | D:4      | Reached skill level 5 in Armour
  7440 | D:5      | Entered Level 5 of the Dungeon
  7604 | D:5      | Found a runed translucent door.
  7624 | D:5      | Reached skill level 8 in Slings
  7642 | D:5      | Noticed Duvessa
  7648 | D:5      | Noticed Dowan
  7691 | D:5      | Killed Dowan
  7900 | D:5      | Killed Duvessa
  7901 | D:5      | Reached XP level 9. HP: 41/61 MP: 9/9
  8113 | D:5      | Noticed Prince Ribbit
  8161 | D:5      | Killed Prince Ribbit
  8162 | D:5      | Reached skill level 9 in Slings
  8682 | D:5      | Reached skill level 1 in Dodging
  8695 | D:5      | Reached skill level 10 in Slings
  8835 | D:5      | Found a shimmering altar of Xom.
  9247 | D:5      | Found a staircase to the Ecumenical Temple.
  9259 | Temple   | Entered the Ecumenical Temple
  9304 | Temple   | Became a worshipper of Fedhas Madash
  9400 | D:5      | Noticed buriedalive's ghost (novice GrIE)
  9589 | D:6      | Noticed Blork the orc
  9605 | D:6      | Killed Blork the orc
  9784 | D:6      | Noticed Menkaure
  9788 | D:6      | Killed Menkaure
 10014 | D:6      | Noticed Maggie
 10016 | D:6      | Gained mutation: You expend magic power (3 MP) to
                  | strengthen your wands. [potion of mutation]
 10016 | D:6      | Gained mutation: You are agile. (Dex +2) [potion of
                  | mutation]
 10016 | D:6      | Gained mutation: You are partially covered in molten
                  | scales. (AC +2) [potion of mutation]
 10042 | D:6      | Killed Maggie
 10043 | D:6      | Reached skill level 11 in Slings
 10328 | D:6      | Found an iron altar of Okawaru.
 10656 | D:6      | Noticed Edmund
 10672 | D:6      | Killed Edmund
 10823 | D:6      | Reached XP level 10. HP: 50/66 MP: 10/10
 11087 | D:7      | Reached skill level 5 in Dodging
 11659 | D:7      | Found an ancient bone altar of Kikubaaqudgha.
 11686 | D:7      | Reached * piety under Fedhas
 11812 | D:7      | Found a glowing silver altar of Zin.
 11864 | D:7      | Found a hide-covered altar of Uskayaw.
 11864 | D:7      | Found a shimmering blue altar of Sif Muna.
 11870 | D:7      | Found a burning altar of Makhleb.
 11870 | D:7      | Found a bloodstained altar of Trog.
 11889 | D:7      | Found a sacrificial altar of Ru.
 12006 | D:7      | Found a snail-covered altar of Cheibriados.
 12274 | D:7      | Reached skill level 1 in Shields
 12581 | D:7      | Found an ornate altar of the Wu Jian Council.
 12818 | D:8      | Found a shimmering altar of Xom.
 12834 | D:8      | Noticed Maurice
 12865 | D:8      | Killed Maurice
 12866 | D:8      | Reached skill level 1 in Invocations
 12996 | D:8      | Noticed a hell beast
 12997 | D:8      | Noticed a rust devil
 12998 | D:8      | Noticed an orange demon
 13068 | D:8      | Killed an orange demon
 13148 | D:8      | Found an ancient bone altar of Kikubaaqudgha.
 13181 | D:8      | Killed a rust devil
 13227 | D:8      | Killed a hell beast
 13228 | D:8      | Reached skill level 5 in Shields
 13309 | D:8      | Noticed a kobold demonologist
 13329 | D:8      | Reached ** piety under Fedhas
 13369 | D:8      | Reached XP level 11. HP: 71/71 MP: 13/13
 13919 | D:8      | Found a stormy altar of Qazlal.
 14461 | D:8      | Reached skill level 5 in Evocations
 14742 | D:8      | Found a staircase to the Lair.
 15196 | D:9      | Noticed an eight-headed hydra
 15217 | D:9      | Killed an eight-headed hydra
 15491 | D:9      | Noticed Psyche
 15510 | D:9      | Killed Psyche
 15827 | D:9      | Found a staircase to the Orcish Mines.
 15902 | D:9      | Reached skill level 5 in Stealth
 15982 | D:9      | Reached *** piety under Fedhas
 16039 | D:9      | Found a stormy altar of Qazlal.
 16088 | D:9      | Found a radiant altar of Vehumet.
 16190 | D:9      | Found a sparkling altar of Nemelex Xobeh.
 16452 | D:10     | Entered Level 10 of the Dungeon
 16675 | D:10     | Found Bylut's Distillery.
 16679 | D:10     | Bought a potion of attraction for 36 gold pieces
 16928 | D:10     | Noticed a two-headed ogre
 16961 | D:10     | Killed a two-headed ogre
 17158 | D:10     | Found a large runed translucent door.
 17158 | D:10     | Found a large runed translucent door.
 17306 | D:10     | Noticed Harold
 17329 | D:10     | Killed Harold
 17330 | D:10     | Reached XP level 12. HP: 81/81 MP: 9/15
 17370 | D:10     | Reached skill level 5 in Invocations
 17425 | D:10     | Noticed a death knight
 17440 | D:10     | Killed a death knight
 17933 | D:10     | Slain by a freezing wraith

Illustrated notes

Levels and vault maps discovered:
D:1:      psy_arrival_heroes, layout_loops_corners, serial_bayou_pond_a,
          serial_bayou_pond_d
D:2:      layout_loops_ring, grunt_ministairs_13, uniq_jessica, uniq_robin,
          uniq_natasha
D:3:      layout_basic, lemuel_round_altar
D:4:      minmay_skewed_foursquare, layout_basic, minmay_snake_closets,
          uniq_ijyb, uniq_pikel
D:5:      layout_basic, minmay_temple_entry_poolview,
          ebering_ghost_reflecting_pool, xom_confusion_cloud, uniq_duvessa,
          uniq_prince_ribbit1
D:6:      layout_cave_pods, okawaru_altar_gauntlet_db, grunt_decor_junction,
          uniq_menkaure, uniq_maggie, uniq_edmund, uniq_blork_the_orc
D:7:      layout_layer_cave, old_standard_altar, kennysheep_mini_moat,
          grunt_temple_overflow_open, item_on_display_a
D:8:      layout_cave_pods, lemuel_crystal_altar, general_overflow_altar,
          lair_entry_dummy, special_room [special_room_kobold],
          lemuel_hellish_altar, uniq_maurice
D:9:      layout_basic, nemelex_xobeh_ov_fountains_minmay,
          vehumet_altar_wand_db, david_orc_3, basic_altar, minmay_holes,
          uniq_psyche
D:10:     layout_loops_ring, serial_shops, shop, minmay_hollow_rounded_squares,
          uniq_harold
Temple:   corrupted_temple

Skill      XL: |  1  2  3  4  5  6  7  8  9 10 11 12 |
---------------+-------------------------------------+-----
Fighting       | 2 3 4 5 7 |  7.0
Short Blades   | 5 6 8 |  8.7
Slings         | 3 7 8 11 | 11.9
Armour         | 1 4 6 7 |  7.0
Dodging        | 4 7 |  7.0
Shields        | 5 6 |  6.0
Invocations    | 3 4 5 |  5.8
Evocations     | 3 5 |  5.0
Stealth        | 5 |  5.0
Throwing       | |  1.0

Action                   |  1- 3 |  4- 6 |  7- 9 | 10-12 || total
-------------------------+-------+-------+-------+-------++-------
Melee: Short sword       |    87 |    71 |   367 |       ||   525
       Dagger            |       |       |    19 |       ||    19
       Rapier            |       |       |       |   307 ||   307
 Fire: Hunting sling     |    22 |   116 |   341 |   762 ||  1241
Throw: Boomerang         |    10 |     3 |     6 |       ||    19
       Dart              |       |       |    29 |       ||    29
Invok: Wall of Briars    |       |       |       |    10 ||    10
       Grow Ballistomyce |       |       |       |     2 ||     2
 Abil: Evoke Flight      |       |       |       |     1 ||     1
Evoke: Wand              |       |       |     4 |       ||     4
  Use: Scroll            |       |     5 |     9 |     7 ||    21
       Potion            |       |     1 |    11 |     3 ||    15
 Stab: Invisible         |       |       |     3 |       ||     3
Armor: Robe              |     4 |       |       |       ||     4
       Ring mail         |    17 |    16 |       |       ||    33
       Scale mail        |       |     1 |    87 |       ||    88
       Skin              |       |       |    36 |       ||    36
       Chain mail        |       |       |    42 |   200 ||   242
       Leather armour    |       |       |     3 |       ||     3
Dodge: Dodged            |    53 |    30 |   169 |   241 ||   493
Block: Buckler           |       |       |       |   118 ||   118
